Map: Rainfall LE

Players

Railgan - Winner!

  • Race: Zerg Zerg
  • League: Grandmaster

A.I. 1 (Very Easy)

  • Race: Zerg Zerg

VOD

Have the link to the VOD?

Description

Time

  • Played on: July 7, 2026, 1:02 p.m.
  • Length: 8:13
Show
View Real Time Build Order
Export as new Build Order

Railgan Zerg - Winner!

Build Orders: Pool First 

Get SALT Encoding   

  8  0:02  Drone  
  9  0:11  Drone  
  10  0:17  Drone  
  11  0:28  Overlord  
  11  0:33  Drone  
  12  0:47  Drone x2  
  14  0:52  Drone  
  15  1:02  Drone  
  16  1:10  Spawning Pool  
  15  1:11  Drone  
  16  1:21  Drone  
  17  1:37  Hatchery  
  16  1:41  Overlord  
  16  1:57  Queen  
  16  1:59  Zergling x2  
  16  2:00  Zergling x2  
  20  2:03  Zergling x2  
  21  2:11  Drone  
  22  2:21  Drone  
  23  2:31  Drone  
  23  2:33  Queen  
  26  2:40  Extractor  
  26  2:41  Drone  
  26  2:49  Drone  
  26  2:50  Queen  
  29  2:52  Overlord  
  29  3:00  Drone  
  29  3:04  Drone  
  29  3:05  Drone  
  32  3:10  Drone x2  
  32  3:11  Drone  
  35  3:15  Drone  
  35  3:19  Drone  
  37  3:22  Drone  
  38  3:29  Drone  
  38  3:32  Drone  
  40  3:38  Roach Warren, Overlord  
  39  3:43  Lair  
  39  3:45  Drone  
  40  3:52  Evolution Chamber  
  40  3:53  Drone  
  40  3:56  Extractor  
  40  3:57  Overlord  
  40  3:59  Extractor, Drone  
  40  4:00  Drone  
  40  4:01  Drone  
  41  4:04  Drone  
  41  4:05  Drone  
  41  4:07  Drone  
  44  4:11  Drone x2  
  44  4:15  Overlord  
  46  4:17  Drone  
  46  4:23  Drone  
  46  4:24  Drone x2  
  49  4:29  Zerg Missile Weapons Level 1  
  49  4:33  Overlord  
  49  4:34  Drone  
  50  4:39  Glial Reconstitution  
  50  4:53  Roach x2  
  50  4:57  Roach, Hatchery  
  50  4:59  Roach  
  57  5:01  Roach  
  57  5:03  Roach  
  61  5:09  Drone  
  61  5:10  Drone  
  61  5:12  Overlord  
  63  5:15  Roach x2  
  63  5:18  Roach  
  69  5:22  Roach  
  69  5:25  Overlord x2  
  71  5:29  Overlord  
  71  5:31  Roach  
  71  5:34  Roach  
  75  5:36  Roach  
  75  5:40  Roach  
  79  5:45  Roach  
  79  5:47  Roach x2  
  79  5:49  Overlord  
  85  5:52  Roach  
  85  5:56  Roach  
  85  5:57  Roach  
  91  5:59  Roach  
  91  6:03  Roach  
  95  6:07  Roach x2  
  95  6:09  Overseer  
  99  6:12  Roach x2  
  99  6:15  Roach  
  99  6:18  Roach  
  107  6:25  Overlord  
  107  6:32  Roach x2  
  111  6:38  Roach x2  
  115  6:44  Roach  
  115  6:46  Roach x2  
  121  6:49  Roach  
  123  7:01  Evolution Chamber  
  122  7:12  Drone  
  122  7:13  Overlord x3  
  122  7:14  Overlord  
Show
View Real Time Build Order
Export as new Build Order

A.I. 1 (Very Easy) Zerg 

Build Orders: Pool Only 

Get SALT Encoding   

  8  0:01  Drone  
  9  0:10  Drone  
  10  0:18  Drone  
  11  0:25  Drone  
  12  0:33  Overlord  
  12  0:51  Drone  
  13  0:58  Drone  
  13  1:03  Spawning Pool  
  13  1:04  Extractor  
  13  1:08  Drone  
  13  1:15  Drone  
  14  1:22  Overlord  
  14  1:50  Zergling x2  
  14  1:52  Queen  
  17  2:03  Roach Warren  
  17  2:06  Drone  
  17  2:09  Zergling x2  
  17  2:10  Extractor  
  17  2:13  Drone  
  18  2:26  Drone  
  18  2:29  Zergling x2  
  20  2:36  Drone  
  21  2:46  Drone  
  22  2:55  Overlord  
  23  2:58  Drone  
  24  3:05  Drone  
  25  3:12  Drone  
  25  3:55  Zergling x2  
  23  4:14  Zergling x2  
  23  4:33  Zergling x2  
  25  4:52  Zergling x2  
  25  5:51  Drone, Lair  
  26  5:58  Drone  
  26  6:00  Overlord  
  27  6:06  Drone  
  28  6:13  Drone  
  29  6:20  Drone  
  30  6:27  Zergling x2  
  30  6:28  Drone  
  27  6:35  Drone  
  13  6:42  Drone  
  3  6:50  Drone, Overseer  
  3  6:52  Zergling x2  
Tags
 
Add a new tag
Caveats
  • Supply blocks, unpowered buildings, or Contaminate may cause inaccurate times.
  • Supply counts are checked every 10 seconds.